 Dungeon Crawl Stone Soup version 0.29-a0-728-g6bb282b620 (webtiles) character file.

Game seed: 8922912092153296828

27 Ge0ff the Stinger (level 2, -1/16 HPs)
             Began as a Deep Elf Venom Mage on June 29, 2022.
             Slain by a black bear (3 damage)
             ... created by the rage of Trog
             ... on level 1 of the Dungeon.
             The game lasted 00:02:29 (797 turns).

Ge0ff the Stinger (Deep Elf Venom Mage)              Turns: 797, Time: 00:02:30

Health: -1/16      AC:  3    Str:  5    XL:     2   Next: 93%
Magic:  6/8        EV: 12    Int: 19    God:
Gold:   0          SH:  0    Dex: 15    Spells: 4/7 levels left

rFire   . . .      SeeInvis .   a - +0 dagger
rCold   . . .      Faith    .   (no shield)
rNeg    . . .      Spirit   .   L - +0 robe
rPois   .          Reflect  .   O - +0 helmet
rElec   .          Harm     .   (no cloak)
rCorr   .          Rampage  .   (no gloves)
Will    .....                   (no boots)
Stlth   ++........              (no amulet)
HPRegen 0.05/turn               (no ring)
MPRegen 0.11/turn               (no ring)

@: no status effects
A: no striking features
a: no special abilities


You were on level 1 of the Dungeon.
You visited 1 branch of the dungeon, and saw 1 of its levels.

Inventory:

Hand Weapons
 a - a +0 dagger (weapon)
Armour
 L - a +0 robe (worn)
 O - a +0 helmet (worn)
Scrolls
 N - a scroll of identify {unknown}
 P - a scroll of fear {unknown}
Potions
 K - a potion of magic {!q}
 M - a potion of heal wounds {unknown}


   Skills:
 - Level 1.0 Fighting
 - Level 2.4 Dodging
 - Level 2.4 Stealth
 + Level 3.2 Spellcasting
 - Level 2.0 Transmutations
 + Level 1.0 Air Magic
 + Level 3.4 Poison Magic


You had 4 spell levels left.
You knew the following spells:

 Your Spells              Type           Power      Damage    Failure   Level
k - Sting                 Tmut/Pois      52%        1d5       4%          1
C - Poisonous Vapours     Pois/Air       22%        N/A       9%          2

Your spell library contained the following spells:

 Spells                   Type           Power      Damage    Failure   Level
 Mephitic Cloud           Conj/Pois/Air  8%         N/A       24%         3
 Olgreb's Toxic Radiance  Pois           16%        N/A       34%         4


Dungeon Overview and Level Annotations

Branches:
Dungeon (1/15) Zot: 5202

Altars:
Trog


Message History

Aiming: Sting (safe; 4% risk of failure)
Press: ? - help, Shift-Dir - straight line, f/p - gnoll
Aim: a gnoll, wielding a +0 flail (lightly wounded, poisoned, 75% to hit)
The sting hits the gnoll.
The gnoll looks even sicker.
The gnoll is moderately wounded.
Casting: Sting (safe; 4% risk of failure)
Confirm with . or Enter, or press ? or * to list all spells.
Aiming: Sting (safe; 4% risk of failure)
Press: ? - help, Shift-Dir - straight line, f/p - gnoll
Aim: a gnoll, wielding a +0 flail (heavily wounded, very poisoned, 75% to hit)
The sting hits the gnoll.
The gnoll looks even sicker.
The gnoll is heavily wounded.
The gnoll hits you with a +0 flail.
Casting: Sting (safe; 4% risk of failure)
Confirm with . or Enter, or press ? or * to list all spells.
Aiming: Sting (safe; 4% risk of failure)
Press: ? - help, Shift-Dir - straight line, f/p - gnoll
Aim: a gnoll, wielding a +0 flail (heavily wounded, very poisoned, 75% to hit)
The sting hits the gnoll.
The gnoll looks as sick as possible!
The gnoll is almost dead.
You kill the gnoll!
Your Air Magic skill increases to level 1!
Things that are here:
a +0 flail; a gnoll corpse Memorise Poisonous Vapours, consuming 2 spell levels and leaving 4?
You start memorising the spell.
You continue memorising. x2
You finish memorising.
Spell assigned to 'a'.
Adjust (i)tems, (s)pells, or (a)bilities?
Adjust which spell? a - Poisonous Vapours Adjust to which letter?
C - Poisonous Vapours Trog sends monsters to punish you. 3 black bears come into view.
Really read the scroll of immolation?
As you read the scroll of immolation, it crumbles to dust.
The creatures around you are filled with an inner flame!
Casting: Sting (safe; 4% risk of failure)
Confirm with . or Enter, or press ? or * to list all spells.
Aiming: Poisonous Vapours (safe; 9% risk of failure)
Press: ? - help, Dir - move target, f - black bear
Aim: a black bear (durably summoned, berserk, inner flame) Poisonous vapours surround the black bear!
The black bear is poisoned.
The black bear barely misses you. The black bear closely misses you.
The black bear claws you. The black bear bites you!
Ouch! That really hurt!
* * * LOW HITPOINT WARNING * * *
The black bear misses you. The black bear claws you.
You die...

##.## #.##
##.# #.# ##.#
. ## ######
.....# .###.#
## .# #.#
#########...#.
.###.#
#..h@hh.......
..##.#
#.#######...#.
.....# #.# #..
#.#### #.# #.#
#.##### #.#
#.....# #.#
##.###.# #.##
#...##.# #..#
#...##.#


You could see 3 black bears.

Vanquished Creatures
  A gnoll (D:1)
  A dart slug (D:1)
  2 ball pythons (D:1)
  An endoplasm (D:1)
  A goblin (D:1)
  3 hobgoblins (D:1)
  2 quokkas (D:1)
  2 kobolds (D:1)
  A rat (D:1)
14 creatures vanquished.

Notes
Turn   | Place    | Note
-------+----------+-------------------------------------------
     0 | D:1      | Ge0ff the Deep Elf Venom Mage began the quest for the Orb.
     0 | D:1      | Reached XP level 1. HP: 10/10 MP: 6/6
   132 | D:1      | Reached skill level 1 in Fighting
   227 | D:1      | Found a faded altar of an unknown god.
   236 | D:1      | Reached XP level 2. HP: 16/16 MP: 4/8
   241 | D:1      | Prayed at the altar of an unknown god.
   241 | D:1      | Became a worshipper of Trog the Wrathful
   241 | D:1      | Reached * piety under Trog
   367 | D:1      | Was placed under penance by Trog
   375 | D:1      | Fell from the grace of Trog
   752 | D:1      | Reached skill level 1 in Air Magic
   756 | D:1      | Learned a level 2 spell: Poisonous Vapours
   796 | D:1      | Noticed a black bear
   796 | D:1      | Noticed a black bear
   796 | D:1      | Noticed a black bear
   797 | D:1      | Slain by a black bear

Illustrated notes

Levels and vault maps discovered:
D:1:      dpeg_arrival_arbitrary_b, layout_loops_corners,
          hellmonk_ecumenical_altar_blasted

Skill      XL: |  1  2 |
---------------+-------+-----
Fighting       | 1 |  1.0
Transmutations | 2 |  2.0
Air Magic      | 1 |  1.0
Dodging        | |  2.4
Stealth        | |  2.4
Spellcasting   | |  3.2
Poison Magic   | |  3.4

Action                   || total
-------------------------++-------
Melee: Dagger            ||     1
 Cast: Sting             ||    24
       Poisonous Vapours ||     1
Invok: Renounce Religion ||     1
  Use: Scroll            ||     1
Dodge: Dodged            ||     9

Table legend: (Time is in decaauts)
 A = Elapsed time spent in this place.
 B = Non-inter-level travel time spent in this place.
 C = Inter-level travel time spent in this place.
 D = Time resting spent in this place.
 E = Time spent auto-exploring this place.
 F = Levels seen in this place.
 G = Mean time per level.
                   A        B        C        D        E       F      G
               +--------+--------+--------+--------+--------+-----+--------+
         Total |    796 |    796 |      0 |      0 |    664 |   1 |  796.0 |
       Dungeon |    796 |    796 |      0 |      0 |    664 |   1 |  796.0 |
               +--------+--------+--------+--------+--------+-----+--------+

Top non-repeatable levels by time:
     D:1: 796 daAuts
